 Dungeon Crawl Stone Soup version 0.16-a0-3596-g438c78e (webtiles) character file.

5893 Kemay the Nimble (level 10, 0/58 HPs)
             Began as an Octopode Transmuter on Jan 12, 2015.
             Was an Initiate of Sif Muna.
             Slain by a centaur (9 damage)
             ... on level 8 of the Dungeon.
             The game lasted 00:50:01 (14152 turns).

Kemay the Nimble (Octopode Transmuter)             Turns: 14152, Time: 00:50:02

Health: 0/58       AC:  2    Str: 10    XL:     10   Next: 82%
Magic:  36/37      EV: 33    Int: 18    God:    Sif Muna [......]
Gold:   358        SH:  0    Dex: 18    Spells: 3 memorised, 7 levels left

rFire  . . .     SeeInvis .       - Unarmed
rCold  . . .     Clarity  .     (shield currently unavailable)
rNeg   . . .     SustAb   .     (helmet currently unavailable)
rPois  x         Gourm    .     g - amulet of rage
rElec  .         Spirit   .     m - ring of wizardry
rCorr  .         Warding  .     r - ring of magical power
rMut   .         Stasis   .     s - ring of flight
MR     .....                    J - ring of magical power
Stlth  ++........               (no ring)
                                (no ring)
                                (no ring)
                                (no ring)

@: spider-form (expiring), not resistant to hostile enchantments, unstealthy
A: almost no armour, amphibious, 8 rings, (constrict 8), (camouflage 0),
(gelatinous body 0)
a: End Transformation, Renounce Religion, Evoke Berserk Rage, Evoke Flight


You were on level 8 of the Dungeon.
You worshipped Sif Muna.
Sif Muna was noncommittal.
You were hungry.
You were a venomous arachnid creature.
You visited 2 branches of the dungeon, and saw 10 of its levels.
You also visited: Ossuary.

You collected 358 gold pieces.

Inventory:

Missiles
 E - 2 throwing nets (quivered)
Armour
 k - a +3 large shield
Jewellery
 g - an amulet of rage (around neck)
 m - a ring of wizardry (left front leg)
 n - an uncursed amulet of guardian spirit
 r - a ring of magical power (right front leg)
 s - a ring of flight (on tentacle)
 J - a ring of magical power (on tentacle)
Magical devices
 i - a wand of slowing (1)
 x - a wand of frost (12)
 y - a wand of disintegration (4)
 A - a wand of enslavement (0)
Scrolls
 c - a scroll of remove curse
 o - a scroll of amnesia
 q - a scroll of recharging
 z - a scroll of magic mapping
Potions
 b - 2 potions of might
 e - 3 potions of resistance
 j - a potion of ambrosia
 l - 2 potions of restore abilities
 p - a potion of cancellation
 t - 2 potions of brilliance
 u - 2 potions of curing
 v - 2 potions of haste
 w - a potion of invisibility {unknown}
 B - a potion of degeneration {unknown}
 C - a potion of lignification {unknown}
 F - 2 potions of agility
Books
 d - a book of Changes

   Spells                             Type                      Level
   a - Beastly Appendage              Transmutation                1
   b - Sticks to Snakes               Transmutation                2
   c - Spider Form                    Transmutation/Poison         3
   d - Ice Form                       Ice/Transmutation            4
   e - Blade Hands                    Transmutation                5
Miscellaneous
 G - a stone of tremors
Comestibles
 a - 7 bread rations
 h - 6 meat rations
 D - a royal jelly
 I - a beef jerky


   Skills:
 - Level 1.0 Fighting
 - Level 13.0 Dodging
 + Level 8.1 Unarmed Combat
 + Level 3.6 Spellcasting
 - Level 3.4 Transmutations
 - Level 1.3 Poison Magic


You had 7 spell levels left.
You knew the following spells:

 Your Spells              Type           Power        Failure   Level  Hunger
a - Beastly Appendage     Trmt           ###...       6%          1    None
b - Spider Form           Trmt/Pois      ##........   17%         3    ###....
c - Blade Hands           Trmt           ###.......   78%         5    ######.


Dungeon Overview and Level Annotations

Branches:
Dungeon (9/15)             Temple (1/1) D:7            Lair (0/8) D:8
    Orc: D:9-12

Altars:
Ashenzari
Dithmenos
Elyvilon
Fedhas
Gozag
Kikubaaqudgha
Makhleb
Nemelex Xobeh
Okawaru
Qazlal
Ru
Sif Muna
Trog
Vehumet
Xom
Yredelemnul
Zin
The Shining One

Shops:
D:4 !


Innate Abilities, Weirdness & Mutations

You cannot wear most types of armour.
You are amphibious.
You can wear up to eight rings at the same time.
((You can use your tentacles to constrict many enemies at once.))
((Your skin changes colour to match your surroundings (Stealth).))
((Your rubbery body absorbs attacks (AC +1).))


Message History

HP restored.
The centaur is too close now for your liking.
Casting: Spider Form
Confirm with . or Enter, or press ? or * to list all spells.
You turn into a venomous arachnid creature.
The centaur shoots an arrow of flame.
The arrow of flame hits you. The arrow of flame burns you.
The centaur shoots an arrow of flame.
The arrow of flame hits you! The arrow of flame burns you!
The centaur shoots an arrow of flame.
The arrow of flame hits you! The arrow of flame burns you.
* * * LOW HITPOINT WARNING * * *
The centaur shoots an arrow of flame.
The arrow of flame hits you.
* * * LOW HITPOINT WARNING * * *
The arrow of flame burns you.
* * * LOW HITPOINT WARNING * * *
You see here an arrow of flame.
Your transformation is almost over.
The centaur unwields an uncursed shortbow.
The centaur hits you!
You die...

.## #.####...............# #
.##
##...###.........####.####
#.# ##.##........[...##
##.##.
#.#####..####.....c..(##
##.... #...##..##
##..##....# ##..##.
.........#####..##...##
#..###.
.#..#...........##....#
##.## #.
.#..##..........##(...#
##.## #.
.#..###.........sc....###.##
##. .##.#
##........#..#......# #.# #
#.# ##..###.....###....##
##.# # #.# #####
##.....##.....###.##
###.####.#
#..##..##.#......#
..#....#.#
#.####.##.##....##
##.###...# ###
##.#.##....### #.# ##..#
##.##.#.....# ### ##.#
############


You could see a centaur.

Vanquished Creatures
  Pikel (D:4)
  A cyclops (D:6)
  Joseph (D:8)
  A troll (D:7)
  A trapdoor spider zombie (D:8)
  2 wolves (D:8)
  A hungry ghost (D:9)
  Menkaure (D:6)
  3 sky beasts (D:7)
  3 ice beasts
  A slave (D:4)
  An orc warrior (D:6)
  6 ogres
  A phantom (D:5)
  2 crocodiles
  Sigmund (D:3)
  A big kobold (D:8)
  3 centaurs
  2 electric eels (D:8)
  An elf zombie (Ossuary)
  3 giant frogs
  6 killer bees (D:7)
  A scorpion (D:6)
  A jelly (D:5)
  A crimson imp (D:7)
  3 orc priests
  2 human zombies (Ossuary)
  2 centaur zombies
  A centaur skeleton (D:4)
  Crazy Yiuf (D:5)
  A gnoll shaman (D:8)
  6 hounds
  2 iguanas
  7 orc wizards
  3 worker ants
  Ijyb (D:3)
  2 big kobold zombies (Ossuary)
  A hound skeleton (D:3)
  2 mummies (Ossuary)
  5 gnolls (D:8)
  16 adders
  2 shadow imps
  2 worms (D:2)
  3 adder zombies
  3 adder skeletons (D:5)
  A giant gecko (D:2)
  An ooze (D:3)
  19 orcs
  A bat skeleton (D:4)
  5 giant cockroaches
  20 goblins
  12 hobgoblins
  11 jackals
  2 quokkas
  2 ball pythons
  10 bats
  3 giant newts
  A goblin zombie (Ossuary)
  8 hobgoblin zombies (Ossuary)
  2 jackal zombies (Ossuary)
  18 kobolds
  10 kobold zombies (Ossuary)
  6 orc zombies (Ossuary)
  15 rats
  2 rat zombies (Ossuary)
260 creatures vanquished.

Vanquished Creatures (others)
  4 electric eels (D:8)
  A kobold (D:4)
5 creatures vanquished.

Grand Total: 265 creatures vanquished

Notes
Turn   | Place    | Note
--------------------------------------------------------------
     0 | D:1      | Kemay, the Octopode Transmuter, began the quest for the Orb.
     0 | D:1      | Reached XP level 1. HP: 13/13 MP: 3/3
   142 | D:1      | Reached XP level 2. HP: 15/18 MP: 2/4
   939 | D:1      | Reached XP level 3. HP: 21/23 MP: 6/6
   944 | D:1      | Learned a level 3 spell: Spider Form
  1300 | D:2      | Reached skill level 1 in Poison Magic
  1577 | D:2      | Found a radiant altar of Vehumet.
  1578 | D:2      | Found an opulent altar of Gozag.
  1579 | D:2      | Found a shattered altar of Ashenzari.
  1581 | D:2      | Found a basalt altar of Yredelemnul.
  1582 | D:2      | Found an ancient bone altar of Kikubaaqudgha.
  1613 | D:2      | Reached XP level 4. HP: 23/28 MP: 4/7
  2476 | D:3      | Reached skill level 4 in Unarmed Combat
  2591 | D:3      | Noticed Ijyb
  2607 | D:3      | Killed Ijyb
  2607 | D:3      | Reached XP level 5. HP: 23/33 MP: 6/9
  2782 | D:3      | Reached skill level 5 in Unarmed Combat
  2879 | D:3      | Noticed Sigmund
  3501 | D:3      | Killed Sigmund
  3501 | D:3      | Reached XP level 6. HP: 27/38 MP: 10/10
  3680 | D:3      | Found a stormy altar of Qazlal.
  3759 | D:4      | Found a sand-covered staircase.
  3883 | Ossuary  | Entered an ossuary
  4307 | Ossuary  | Reached skill level 5 in Dodging
  4307 | Ossuary  | Reached XP level 7. HP: 41/43 MP: 12/12
  4669 | D:4      | Found Orunirph's Distillery.
  4896 | D:4      | Reached skill level 6 in Dodging
  5419 | D:4      | Noticed Pikel
  5462 | D:4      | Killed Pikel
  5462 | D:4      | Reached skill level 8 in Dodging
  5462 | D:4      | Reached XP level 8. HP: 16/48 MP: 13/13
  6065 | D:4      | Reached skill level 9 in Dodging
  6319 | D:5      | Entered Level 5 of the Dungeon
  6909 | D:5      | Noticed Crazy Yiuf
  6918 | D:5      | Killed Crazy Yiuf
  7336 | D:6      | Reached skill level 10 in Dodging
  7336 | D:6      | Reached XP level 9. HP: 53/53 MP: 14/14
  7489 | D:6      | Noticed Menkaure
  7502 | D:6      | Killed Menkaure
  7569 | D:6      | Found a white marble altar of Elyvilon.
  7675 | D:6      | Found a radiant altar of Vehumet.
  7737 | D:6      | Noticed a cyclops
  8223 | D:6      | Learned a level 5 spell: Blade Hands
  8406 | D:7      | Found a staircase to the Ecumenical Temple.
  8412 | Temple   | Entered the Ecumenical Temple
  8790 | D:7      | Found a sacrificial altar of Ru.
  8814 | D:7      | Reached skill level 11 in Dodging
  9303 | D:7      | Found an iron altar of Okawaru.
  9711 | D:7      | Found a deep blue altar of Sif Muna.
  9715 | D:7      | Became a worshipper of Sif Muna the Loreminder
  9731 | D:7      | Identified Sif Muna's Catalogue of Changing
 10070 | D:6      | Killed a cyclops
 10070 | D:6      | Reached skill level 12 in Dodging
 10070 | D:6      | Reached XP level 10. HP: 29/58 MP: 16/16
 11638 | D:9      | Found a bloodstained altar of Trog.
 12188 | D:8      | Reached skill level 13 in Dodging
 12305 | D:8      | Noticed Joseph
 12334 | D:8      | Killed Joseph
 13699 | D:8      | Found a staircase to the Lair.
 14152 | D:8      | Slain by a centaur

Action                   |  1- 3 |  4- 6 |  7- 9 | 10-12 || total
-------------------------+-------+-------+-------+-------++-------
Melee: Unarmed           |    76 |   226 |   395 |   195 ||   892
Throw: Throwing net      |       |       |       |     1 ||     1
 Cast: Beastly Appendage |    10 |     2 |     6 |     2 ||    20
       Spider Form       |     4 |    18 |    40 |    25 ||    87
 Abil: End Transformatio |     1 |     5 |     5 |     8 ||    19
       Evoke Berserk Rag |       |       |       |     1 ||     1
Evoke: Wand              |       |     2 |     5 |     9 ||    16
  Use: Scroll            |     8 |     4 |    10 |     6 ||    28
       Potion            |       |     1 |     2 |     2 ||     5
 Stab: Sleeping          |     3 |     2 |     5 |     1 ||    11
  Eat: Chunk             |     1 |    10 |    19 |    13 ||    43
       Pizza             |     1 |       |       |       ||     1
       Fruit             |       |     2 |     5 |     4 ||    11
